 Dungeon Crawl Stone Soup version 0.24-a0-530-g18ba70b5 (webtiles) character file.

Game seed: 1857541939577041226

105 Belboz the Poker (level 4, -7/37 HPs)
             Began as a Merfolk Monk on Aug 7, 2019.
             Killed from afar by Terence (9 damage)
             ... with a puff of flame
             ... on level 2 of the Dungeon.
             The game lasted 00:04:42 (2396 turns).

Belboz the Poker (Merfolk Monk)                     Turns: 2396, Time: 00:04:43

Health: -7/37      AC:  5    Str: 12    XL:     4   Next: 83%
Magic:  4/4        EV: 12    Int:  9    God:
Gold:   123        SH:  0    Dex: 16    Spells: 3/3 levels left

rFire    . . .     SeeInvis .   a - +0 spear
rCold    . . .     Gourm    .   (no shield)
rNeg     . . .     Faith    .   d - +0 ring mail
rPois    .         Spirit   .   (no helmet)
rElec    .         Reflect  .   (no cloak)
rCorr    .         Harm     .   (no gloves)
MR       .....                  (no boots)
Stlth    +.........             (no amulet)
HPRegen  0.12/turn              (no ring)
MPRegen  0.09/turn              (no ring)

@: drained
A: change form in water, swift swim, stealthy swim
a: no special abilities


You were on level 2 of the Dungeon.
You were not hungry.

You visited 1 branch of the dungeon, and saw 2 of its levels.

You collected 123 gold pieces.

Inventory:

Hand Weapons
 a - a +0 spear (weapon)
Armour
 b - a +0 robe
 d - a +0 ring mail (worn)
Scrolls
 g - a scroll of amnesia {unknown}
 h - 2 scrolls of teleportation {unknown}
 i - 3 scrolls of remove curse {unknown}
 k - a scroll of noise {unknown}
 l - a scroll of blinking {unknown}
 o - a scroll of enchant armour {unknown}
Potions
 e - a potion of lignification {unknown}
 f - a potion of heal wounds {unknown}
 j - a potion of curing {unknown}
 n - 2 potions of might {unknown}
Comestibles
 c - 3 rations


   Skills:
 + Level 4.1(3.1) Fighting
 * Level 6.3(5.3) Polearms
 + Level 1.3(0.4) Armour
 - Level 4.0(3.0) Dodging
 - Level 2.1(1.2) Stealth


You had 3 spell levels left.
You didn't know any spells.
Your spell library was empty.

Dungeon Overview and Level Annotations

Branches:
Dungeon (2/15)

Altars:

Annotations:
D:2 Terence


Message History

Terence hits you with a +0 falchion.
* * * LOW HITPOINT WARNING * * *
You closely miss Terence.
Terence is severely wounded.
You barely miss Terence.
Terence is severely wounded.
Terence hits you with a +0 falchion.
* * * LOW HITPOINT WARNING * * *
You hit Terence but do no damage.
Terence is severely wounded.
Terence hits you with a +0 falchion.
* * * LOW HITPOINT WARNING * * *
You barely miss Terence.
Terence is severely wounded.
Terence hits you with a +0 falchion.
* * * LOW HITPOINT WARNING * * *
You hit Terence but do no damage.
Terence is severely wounded.
Terence zaps a wand.
The puff of flame hits you!
You die...

......###(## #.#
#.#.#.##..# #.#
..........### #.#
#.#.##.†....#####.#######
#.................#.....#
#.####...................
.........................
...###...................
#..##...........@........
#..#............@........
.........................
..#.######...............
.......# #...........^...
....##.# #.....<........
....##.###..........####
.†...)..............#
....##..#.......


You could see Terence.

Vanquished Creatures
  3 adders (D:2)
  2 worms
  A dart slug (D:1)
  A leopard gecko (D:1)
  A ball python (D:2)
  5 bats
  2 giant cockroaches (D:1)
  8 goblins
  12 hobgoblins
  10 jackals
  10 kobolds
  3 frilled lizards (D:1)
  6 rats
64 creatures vanquished.

Notes
Turn   | Place    | Note
-------+----------+-------------------------------------------
     0 | D:1      | Belboz the Merfolk Monk began the quest for the Orb.
     0 | D:1      | Reached XP level 1. HP: 18/18 MP: 1/1
   282 | D:1      | Reached XP level 2. HP: 23/24 MP: 2/2
   293 | D:1      | Reached skill level 5 in Polearms
   827 | D:1      | Reached XP level 3. HP: 29/29 MP: 3/3
  1467 | D:2      | Reached skill level 1 in Armour
  1714 | D:2      | Reached XP level 4. HP: 34/37 MP: 4/4
  1835 | D:2      | Reached skill level 6 in Polearms
  2369 | D:2      | Noticed Terence
  2396 | D:2      | Killed from afar by Terence

Levels and vault maps discovered:
D:1:      eino_arrival_druids_welcome, layout_basic, minmay_strange_pillars
D:2:      layout_rooms, uniq_terence

Skill      XL: |  1  2  3  4 |
---------------+-------------+-----
Polearms       | 5 6 |  6.3
Armour         | 1 |  1.3
Fighting       | 4 |  4.1
Dodging        | |  4.0
Stealth        | |  2.1

Action                   |  1- 3 |  4- 6 || total
-------------------------+-------+-------++-------
Melee: Spear             |   226 |   126 ||   352
 Stab: Sleeping          |     2 |       ||     2
  Eat: Chunk             |     3 |     2 ||     5
Armor: Ring mail         |    68 |    27 ||    95
Dodge: Dodged            |   123 |    76 ||   199

Table legend:
 A = Non-vault XP
 B = Vault XP
 C = Vault XP percentage of total XP
 D = Non-vault monster count
 E = Vault monster count
 F = Vault count percentage of total count
                 A         B        C        D         E       F
            +---------+---------+-------+---------+---------+-------
      Total |     151 |       0 |   0.0 |      64 |       0 |   0.0
            +---------+---------+-------+---------+---------+-------
        D:1 |      73 |       0 |   0.0 |      40 |       0 |   0.0
        D:2 |      78 |       0 |   0.0 |      24 |       0 |   0.0
            +---------+---------+-------+---------+---------+-------
